 Dungeon Crawl Stone Soup version 0.27.0-1-g7a089689b8 (webtiles) character file.

Game seed: 14611761444216263421

336 Sin92 the Chopper (level 6, -1/55 HPs)
             Began as a Minotaur Fighter on Aug 3, 2021.
             Slain by a scorpion (8 damage)
             ... on level 5 of the Dungeon.
             The game lasted 00:04:54 (4217 turns).

Sin92 the Chopper (Minotaur Fighter)                Turns: 4217, Time: 00:04:54

Health: -1/55      AC:  8    Str: 23    XL:     6   Next: 28%
Magic:  5/5        EV:  9    Int:  5    God:
Gold:   196        SH: 10    Dex: 15    Spells: 5/5 levels left

rFire    . . .     SeeInvis .   a - +0 war axe
rCold    . . .     Faith    .   c - +0 kite shield
rNeg     . . .     Spirit   .   b - +0 scale mail
rPois    .         Reflect  .   (helmet restricted)
rElec    .         Harm     .   (no cloak)
rCorr    .         Rampage  .   p - +0 pair of gloves
Will     .....                  (no boots)
Stlth    ..........             (no amulet)
HPRegen  0.18/turn              g - +6 ring of dexterity
MPRegen  0.09/turn              (no ring)

@: mighty, lethally poisoned (-1 -> -10)
A: horns 2, retaliatory headbutt
a: no special abilities


You were on level 5 of the Dungeon.
You visited 1 branch of the dungeon, and saw 5 of its levels.

You collected 196 gold pieces.

Inventory:

Hand Weapons
 a - a +0 war axe (weapon)
Armour
 b - a +0 scale mail (worn)
 c - a +0 kite shield (worn)
 p - a +0 pair of gloves (worn)
Jewellery
 g - a +6 ring of dexterity (left hand)
Wands
 k - a wand of digging (3)
Scrolls
 e - 2 scrolls of identify
 h - a scroll of enchant armour
 o - a scroll of fear {unknown}
Potions
 f - 2 potions of flight {unknown}
 i - 2 potions of brilliance
 j - a potion of heal wounds {unknown}
 l - a potion of mutation {unknown}
 m - 3 potions of curing
 n - 2 potions of berserk rage {unknown}


   Skills:
 + Level 4.9 Fighting
 * Level 5.0 Axes
 + Level 4.7 Armour
 + Level 2.5 Dodging
 + Level 4.7 Shields


You had 5 spell levels left.
You didn't know any spells.
Your spell library contained the following spells:

 Spells                   Type           Power      Damage    Failure   Level
 Apportation              Tloc           0%         N/A       99%         1
 Alistair's Intoxication  Tmut/Pois      0%         N/A       100%        5
 Invisibility             Hex            0%         N/A       100%        6


Dungeon Overview and Level Annotations

Branches:
Dungeon (5/15)             Temple (0/1) D:5

Altars:
Hepliaklqana
Qazlal

Shops:
D:3 *


Innate Abilities, Weirdness & Mutations

You have a pair of horns on your head.
You reflexively headbutt those who attack you in melee.


Message History

You headbutt the scorpion, but do no damage.
The scorpion is almost dead.
Your shield and scale mail prevent you from hitting the orc.
You closely miss the iguana. You completely miss the orc priest.
Your scale mail prevents you from hitting the orc priest.
You feel very sick. The orc hits you with a +0 hand axe.
The orc priest closely misses you. You furiously retaliate!
You headbutt the orc priest. The scorpion stings you.
You are more poisoned.
The scorpion poisons you! The iguana bites you!
The orc priest hits you but does no damage.
You block the orc's attack.
The orc priest miscasts a cantrip.
You block the scorpion's attack. The orc priest barely misses you.
You furiously retaliate!
You headbutt the orc priest.
You are too injured to fight recklessly!
Unknown command.
You are too injured to fight recklessly!
Unknown command.
You are too injured to fight recklessly!
Unknown command.
You are too injured to fight recklessly!
You feel very mighty all of a sudden.
You feel very sick. You block the iguana's attack.
The orc priest begins to cast a cantrip, but forgets the words!
The orc barely misses you. You furiously retaliate!
You headbutt the orc!
You kill the orc!
You block the scorpion's attack. You block the orc priest's attack.
You closely miss the scorpion.
The scorpion is almost dead.
You slash the orc priest! You slash the iguana! You slash the orc priest!
You barely miss the orc priest.
You feel very sick. You block the iguana's attack.
The orc priest calls down the wrath of Beogh upon you.
Beogh smites you!
* * * LOW HITPOINT WARNING * * *
The orc priest closely misses you. The scorpion stings you!
You die...

..............##
...................# #
.....#.#.......#..# #.
....#.#.#........## #..
#.#.#.#.#..#.....# . ..
#..#.>.#...#.....#
#..#.#.#.#.#.#.......##
#....olo#.#.#......###
......o@.#.#.(.....#
......so...........#
.........##.......##
.#.??..############
#..... ....... ..#....
.##....


You could see a scorpion, an iguana and 4 orc priests.

Vanquished Creatures
  A hound (D:5)
  A bullfrog skeleton (D:4)
  An iguana (D:5)
  Terence (D:2)
  An orc wizard (D:4)
  6 gnolls
  4 adders
  An adder skeleton (D:4)
  A worm (D:2)
  5 dart slugs
  4 orcs
  8 endoplasms
  2 giant cockroaches (D:1)
  12 goblins
  6 hobgoblins
  11 jackals
  2 quokkas
  8 ball pythons
  5 bats
  2 frilled lizards (D:1)
  4 kobolds
  3 rats
89 creatures vanquished.

Notes
Turn   | Place    | Note
-------+----------+-------------------------------------------
     0 | D:1      | Sin92 the Minotaur Fighter began the quest for the Orb.
     0 | D:1      | Reached XP level 1. HP: 19/19 MP: 0/0
   150 | D:1      | Found a faded altar of an unknown god.
   226 | D:1      | Reached XP level 2. HP: 27/27 MP: 1/1
   565 | D:1      | Reached skill level 3 in Axes
   978 | D:2      | Reached XP level 3. HP: 31/33 MP: 2/2
  1070 | D:2      | Reached skill level 1 in Dodging
  1267 | D:2      | Reached XP level 4. HP: 27/40 MP: 3/3
  1577 | D:2      | Noticed Terence
  1586 | D:2      | Killed Terence
  1587 | D:2      | Reached skill level 4 in Axes
  2135 | D:3      | Found Moente's Assorted Antiques.
  2302 | D:3      | Reached XP level 5. HP: 40/47 MP: 4/4
  2434 | D:3      | Found a stormy altar of Qazlal.
  3047 | D:3      | Found a hazy altar of Hepliaklqana.
  3830 | D:5      | Entered Level 5 of the Dungeon
  3849 | D:5      | Reached XP level 6. HP: 55/55 MP: 5/5
  4025 | D:5      | Reached skill level 5 in Axes
  4190 | D:5      | Found a staircase to the Ecumenical Temple.
  4217 | D:5      | Slain by a scorpion

Illustrated notes

Levels and vault maps discovered:
D:1:      dpeg_arrival_arbitrary_c, layout_loops_cross,
          shapermc_ecumenical_altar_totnotflames, minmay_surrounded
D:2:      layout_rooms, uniq_terence
D:3:      kennysheep_the_goblin_king, layout_loops_corners,
          mainiacjoe_overflow_catch_the_wave, serial_shops, shop
D:4:      layout_loops_ring
D:5:      layout_cave_pools, mainiacjoe_overflow_chevrons,
          minmay_temple_entry_grid

Skill      XL: |  1  2  3  4  5  6 |
---------------+-------------------+-----
Axes           | 3 4 5 |  5.0
Fighting       | 4 |  4.9
Dodging        | 1 2 |  2.5
Armour         | 4 |  4.7
Shields        | 4 |  4.7

Action                   |  1- 3 |  4- 6 || total
-------------------------+-------+-------++-------
Melee: War axe           |    86 |   121 ||   207
       Headbutt          |    14 |    28 ||    42
  Use: Scroll            |       |     6 ||     6
       Potion            |       |     5 ||     5
Armor: Scale mail        |    41 |    51 ||    92
       Skin              |       |    13 ||    13
Dodge: Dodged            |    30 |    44 ||    74
Block: Kite shield       |    43 |    84 ||   127
